Reign vs Griffins
Created - Wednesday, January 8, 2025 at 22:28
Goals
|
Reign |
0 |
3 |
1 |
1 |
5 |
Griffins |
2 |
2 |
0 |
0 |
4 |
|
Shots
|
Reign |
9 |
12 |
14 |
3 |
38 |
Griffins |
16 |
18 |
10 |
1 |
45 |
|
1st period
1. Griffins , Fyodor Svechkov 12 (Nicholas Robertson 29, Jacob Peterson 28) at 3:04
2. Griffins , Hendrix Lapierre 16 (Nicholas Robertson 30, John Ludvig 28) at 13:11
Penalties :
Fyodor Svechkov (GRG) for Holding (Minor) at 0:55, Daniel Walcott (ONT) for Tripping (Minor) at 3:14, Oskar Lindblom (ONT) for High sticking (Minor) at 5:25, Brandon Tanev (GRG) for Tripping (Minor) at 9:39, Bryce Kindopp (GRG) for Tripping (Minor) at 11:42, Billy Sweezey (ONT) for Holding (Minor) at 11:42, Mason Geertsen (ONT) for Interference (Minor) at 14:34, Topi Niemela (ONT) for Unsportsmanlike conduct (Minor) at 18:50, John Ludvig (GRG) for Fighting (Major) at 18:55, Josiah Didier (ONT) for Fighting (Major) at 18:55
2nd period
3. Griffins , Hendrix Lapierre 17 (Justin Sourdif 9) at 6:13 (PP)
4. Reign , Steven Lorentz 8 (Sheldon Dries 26) at 8:32
5. Reign , Steven Lorentz 9 (Dillon Dube 21) at 12:11 (PP)
6. Reign , Topi Niemela 5 (Sheldon Dries 27, Oskar Lindblom 25) at 13:15 (PP)
7. Griffins , Chase Priskie 6 (John Ludvig 29, Fyodor Svechkov 19) at 18:43 (PP)
Penalties :
Victor Mete (ONT) for Slashing (Minor) at 0:17, Marshall Rifai (ONT) for Roughing (Minor) at 6:02, Mikhail Abramov (GRG) for Slashing (Minor) at 7:55, Billy Sweezey (ONT) for Interference (Minor) at 7:55, Matt Donovan (GRG) for Slashing (Double Minor) at 12:09, Marshall Rifai (ONT) for Holding (Minor) at 15:36, Ryan Lomberg (ONT) for Hooking (Minor) at 18:17
3rd period
8. Reign , Samuel Blais 15 (Billy Sweezey 10, Mason Geertsen 7) at 11:35
Penalties :
Matt Donovan (GRG) for Interference (Minor) at 2:25, John Ludvig (GRG) for Tripping (Minor) at 7:12, John Ludvig (GRG) for Holding (Minor) at 11:59, Marshall Rifai (ONT) for Slashing (Minor) at 12:45
Overtime #1
9. Reign , Oskar Lindblom 16 (Ryan Lomberg 27, Topi Niemela 16) at 2:34
Penalties :
No Penalty
Goalie Stats
Parker Gahagen (ONT), 41 saves from 45 shots - (0.911), W, 9-8-3, 62:35 minutes
Casey DeSmith (GRG), 33 saves from 38 shots - (0.868), OTL, 18-15-3, 62:35 minutes
Players Stats for Reign
Player Name G A P +/- PIM S H SB GA TA FO MP PP MP PK MP
------------------------------------------------------------------------------------
Billy Sweezey 0 1 1 0 4 0 2 1 0 0 0/0 14:32 0:00 3:47
Corey Andonovski 0 0 0 0 0 1 0 0 0 0 0/0 5:37 0:00 0:00
Daniel Walcott 0 0 0 0 2 0 0 0 0 0 1/2 6:53 0:00 2:03
Dillon Dube 0 1 1 1 0 3 0 0 0 0 22/46 25:25 4:24 7:02
Josiah Didier 0 0 0 1 5 0 0 3 0 0 0/0 16:39 4:24 4:24
Marshall Rifai 0 0 0 -1 6 2 0 0 0 0 0/0 20:46 5:23 4:39
Mason Geertsen 0 1 1 0 2 1 0 1 0 0 0/0 14:08 0:17 0:00
Oskar Lindblom 1 1 2 1 2 4 1 0 0 0 1/2 17:21 5:24 1:09
Ryan Lomberg 0 1 1 1 2 7 2 0 0 0 0/0 15:55 5:07 0:00
Ryder Korczak 0 0 0 -1 0 0 0 0 0 0 3/12 11:35 0:00 0:00
Samuel Blais 1 0 1 1 0 1 1 1 0 0 1/3 21:37 4:24 7:24
Sheldon Dries 0 2 2 0 0 3 3 0 0 0 18/34 22:38 5:24 3:40
Steven Lorentz 2 0 2 1 0 8 1 0 0 0 0/0 16:07 4:18 3:40
Topi Niemela 1 1 2 0 2 2 1 0 0 0 0/0 22:40 5:07 5:54
Turner Elson 0 0 0 -1 0 2 1 0 0 0 0/2 11:35 0:00 0:00
Victor Mete 0 0 0 0 2 1 1 2 0 0 0/0 25:17 4:24 5:07
Walker Duehr 0 0 0 -1 0 2 1 0 0 0 0/1 11:56 0:23 0:00
Will Riedell 0 0 0 1 0 1 4 0 0 0 0/0 8:24 0:00 1:37
Players Stats for Griffins
Player Name G A P +/- PIM S H SB GA TA FO MP PP MP PK MP
------------------------------------------------------------------------------------
Bobby Trivigno 0 0 0 0 0 0 1 0 0 0 0/0 5:14 0:00 0:00
Brady Lyle 0 0 0 1 0 0 0 1 0 0 0/0 14:15 2:04 0:44
Brandon Tanev 0 0 0 -1 2 4 0 0 0 0 0/0 13:54 0:00 4:33
Bryce Kindopp 0 0 0 0 2 3 1 0 0 0 0/0 12:52 0:00 0:00
Chase Priskie 1 0 1 0 0 1 0 1 0 0 0/0 25:29 7:03 4:45
Eemil Viro 0 0 0 1 0 0 0 1 0 0 0/0 14:38 0:08 2:38
Fyodor Svechkov 1 1 2 -1 2 4 1 0 0 0 8/17 19:45 6:43 3:53
Hendrix Lapierre 2 0 2 0 0 4 2 1 0 0 15/28 20:41 6:02 3:37
Jacob Peterson 0 1 1 -1 0 3 1 0 0 0 16/26 18:28 6:43 1:23
Jake Livingstone 0 0 0 -1 0 1 5 3 0 0 0/0 23:13 5:34 5:03
John Ludvig 0 2 2 -1 9 9 3 2 0 0 0/0 22:05 5:06 3:22
Justin Sourdif 0 1 1 0 0 2 2 0 0 0 5/11 20:47 6:02 2:39
Keean Washkurak 0 0 0 0 0 0 0 0 0 0 0/0 0:00 0:00 0:00
Marc McLaughlin 0 0 0 0 0 0 0 0 0 0 1/2 3:16 0:00 0:00
Matt Donovan 0 0 0 0 6 0 3 1 0 0 0/0 22:09 5:34 3:04
Matthew Boucher 0 0 0 -1 0 4 0 0 0 0 0/1 14:37 0:00 0:32
Mikhail Abramov 0 0 0 0 2 4 0 0 0 0 11/15 18:08 6:02 0:00
Nicholas Robertson 0 2 2 1 0 6 0 2 0 0 0/2 23:06 6:43 2:59
3 Stars
1 - Steven Lorentz (ONT)
2 - Hendrix Lapierre (GRG)
3 - Oskar Lindblom (ONT)
Power Play
Reign - 2 on 7 Attempt(s) - 28.57%
Griffins - 2 on 9 Attempt(s) - 22.22%
Penalty Kill
Reign - 7 on 9 Attempt(s) - 77.78%
- Score 0 goal in Penalty Kill
Griffins - 5 on 7 Attempt(s) - 71.43%
- Score 0 goal in Penalty Kill
Team Stat
Reign - Hits : 18 - Faceoff Wins : 46 - Blocked Shots : 8 - Penalty Minutes : 27
Griffins - Hits : 19 - Faceoff Wins : 56 - Blocked Shots : 12 - Penalty Minutes : 23
Official
Referees : Jean Hebert and Morgan Macphee
Linesman : Kyle Flemington and Mitchell Hunt
Game Notes
John Ludvig beats up Josiah Didier at 18:55 of 1st period
Finance
Level 1 -- Attendance: 1786 (89.30%) -- Ticket Income $62,510
Level 2 -- Attendance: 944 (94.40%) -- Ticket Income $14,160
Total Attendance: 2730 (91.00%)
Total Ticket Income: $76,670
Other Income: $37,568
Total Income: $114,238
Reign
5 vs 5 Forward
Center Left Wing Right Wing Time % Phy DF OF
1 Dillon Dube Steven Lorentz Samuel Blais 25 1 2 2
2 Sheldon Dries Oskar Lindblom Ryan Lomberg 25 1 2 2
3 Ryder Korczak Turner Elson Walker Duehr 25 1 2 2
4 Dillon Dube Daniel Walcott Corey Andonovski 25 1 2 2
5 vs 5 Defense
Defense Defense Time % Phy DF OF
1 Victor Mete Josiah Didier 25 1 2 2
2 Topi Niemela Marshall Rifai 25 1 2 2
3 Mason Geertsen Billy Sweezey 25 1 2 2
4 Will Riedell Victor Mete 25 1 2 2
PowerPlay Forward
Center Left Wing Right Wing Time % Phy DF OF
1 Dillon Dube Steven Lorentz Samuel Blais 60 1 2 2
2 Sheldon Dries Oskar Lindblom Ryan Lomberg 40 1 2 2
PowerPlay Defense
Defense Defense Time % Phy DF OF
1 Victor Mete Josiah Didier 60 1 2 2
2 Topi Niemela Marshall Rifai 40 1 2 2
Penalty Kill 4 Players Forward
Center Wing Time % Phy DF OF
1 Dillon Dube Samuel Blais 60 1 2 2
2 Sheldon Dries Steven Lorentz 40 1 2 2
Penalty Kill 4 Players Defense
Defense Defense Time % Phy DF OF
1 Victor Mete Josiah Didier 60 1 2 2
2 Topi Niemela Marshall Rifai 40 1 2 2
Penalty Kill - 3 Players Forward
Forward Time % Phy DF OF
1 Dillon Dube 60 1 2 2
2 Samuel Blais 40 1 2 2
Penalty Kill - 3 Players Defense
Defense Defense Time % Phy DF OF
1 Victor Mete Josiah Didier 60 1 2 2
2 Topi Niemela Marshall Rifai 40 1 2 2
4 vs 4 Forward
Center Wing Time % Phy DF OF
1 Dillon Dube Samuel Blais 60 1 2 2
2 Sheldon Dries Steven Lorentz 40 1 2 2
4 vs 4 Defense
Defense Defense Time % Phy DF OF
1 Victor Mete Josiah Didier 60 1 2 2
2 Topi Niemela Marshall Rifai 40 1 2 2
Last Minutes Offensive
Center Left Wing Right Wing Defense Defense
Dillon Dube Steven Lorentz Samuel Blais Victor Mete Josiah Didier
Last Minutes Defensive
Center Left Wing Right Wing Defense Defense
Dillon Dube Steven Lorentz Samuel Blais Victor Mete Josiah Didier
Goaltenders
Starting : Parker Gahagen
Backup : Matt Murray
Extra Forwards
Normal : Walker Duehr, Turner Elson, Daniel Walcott - PP : Walker Duehr, Turner Elson - PK : Daniel Walcott
Extra Defensemen
Normal : Mason Geertsen, Billy Sweezey, Will Riedell - PP : Mason Geertsen - PK : Billy Sweezey, Will Riedell
Penalty Shots
Dillon Dube, Samuel Blais, Sheldon Dries, Steven Lorentz, Oskar Lindblom
Custom OT Lines Forwards
Dillon Dube, Samuel Blais, Sheldon Dries, Steven Lorentz, Oskar Lindblom, Ryan Lomberg, Walker Duehr, Turner Elson, Daniel Walcott, Corey Andonovski
Custom OT Lines Defensemen
Victor Mete, Josiah Didier, Topi Niemela, Marshall Rifai, Mason Geertsen
Scratches
Evan Polei (Healthy), Vincent Arseneau (Healthy), Josh Healey (Healthy), Brett Harrison (Healthy), Kevin Conley (Healthy)
Joey Abate (Healthy), Ryan MacKinnon (Healthy), Justin Schultz (Healthy), Samuel Laberge (Healthy), Dylan Wells (Healthy)
Griffins
5 vs 5 Forward
Center Left Wing Right Wing Time % Phy DF OF
1 Hendrix Lapierre Brandon Tanev Justin Sourdif 25 1 2 2
2 Jacob Peterson Fyodor Svechkov Nicholas Robertson 25 1 2 2
3 Mikhail Abramov Matthew Boucher Bryce Kindopp 25 1 2 2
4 Justin Sourdif Bobby Trivigno Nicholas Robertson 25 1 2 2
5 vs 5 Defense
Defense Defense Time % Phy DF OF
1 John Ludvig Chase Priskie 25 1 2 2
2 Matt Donovan Jake Livingstone 25 1 2 2
3 Brady Lyle Eemil Viro 25 1 2 2
4 John Ludvig Chase Priskie 25 1 2 2
PowerPlay Forward
Center Left Wing Right Wing Time % Phy DF OF
1 Hendrix Lapierre Mikhail Abramov Justin Sourdif 60 1 2 2
2 Jacob Peterson Fyodor Svechkov Nicholas Robertson 40 1 2 2
PowerPlay Defense
Defense Defense Time % Phy DF OF
1 John Ludvig Chase Priskie 60 1 2 2
2 Matt Donovan Jake Livingstone 40 1 2 2
Penalty Kill 4 Players Forward
Center Wing Time % Phy DF OF
1 Fyodor Svechkov Brandon Tanev 60 1 2 2
2 Hendrix Lapierre Nicholas Robertson 40 1 2 2
Penalty Kill 4 Players Defense
Defense Defense Time % Phy DF OF
1 John Ludvig Chase Priskie 60 1 2 2
2 Matt Donovan Jake Livingstone 40 1 2 2
Penalty Kill - 3 Players Forward
Forward Time % Phy DF OF
1 Fyodor Svechkov 60 1 2 2
2 Nicholas Robertson 40 1 2 2
Penalty Kill - 3 Players Defense
Defense Defense Time % Phy DF OF
1 John Ludvig Chase Priskie 60 1 2 2
2 Matt Donovan Jake Livingstone 40 1 2 2
4 vs 4 Forward
Center Wing Time % Phy DF OF
1 Fyodor Svechkov Jacob Peterson 60 1 2 2
2 Hendrix Lapierre Nicholas Robertson 40 1 2 2
4 vs 4 Defense
Defense Defense Time % Phy DF OF
1 John Ludvig Chase Priskie 60 1 2 2
2 Matt Donovan Jake Livingstone 40 1 2 2
Last Minutes Offensive
Center Left Wing Right Wing Defense Defense
Hendrix Lapierre Brandon Tanev Nicholas Robertson John Ludvig Chase Priskie
Last Minutes Defensive
Center Left Wing Right Wing Defense Defense
Hendrix Lapierre Brandon Tanev Nicholas Robertson John Ludvig Chase Priskie
Goaltenders
Starting : Casey DeSmith
Backup : FarmGoal4
Extra Forwards
Normal : Marc McLaughlin, Mikhail Abramov, Justin Sourdif - PP : Marc McLaughlin, Mikhail Abramov - PK : Justin Sourdif
Extra Defensemen
Normal : Brady Lyle, Eemil Viro, Matt Donovan - PP : Brady Lyle - PK : Eemil Viro, Matt Donovan
Penalty Shots
Mikhail Abramov, Fyodor Svechkov, Hendrix Lapierre, Nicholas Robertson, Jacob Peterson
Custom OT Lines Forwards
Brandon Tanev, Matthew Boucher, Hendrix Lapierre, Nicholas Robertson, Jacob Peterson, Fyodor Svechkov, Mikhail Abramov, Justin Sourdif, Marc McLaughlin, Bryce Kindopp
Custom OT Lines Defensemen
John Ludvig, Chase Priskie, Matt Donovan, Jake Livingstone, Brady Lyle
Scratches
Jack Finley (Healthy), Brendan Warren (Healthy), Dennis Cesana (Healthy), Lukas Svejkovsky (Healthy), Artem Guryev (Healthy)
Joel L'Esperance (Healthy)
% Time on Ice - Reign
Lines # - Real PCT - Wanted PCT - Time Play
Normal Forward
1 - 17% - 25% - 5:37
2 - 32% - 25% - 10:13
3 - 36% - 25% - 11:35
4 - 15% - 25% - 4:51
Normal Defense
1 - 20% - 25% - 6:26
2 - 28% - 25% - 9:00
3 - 33% - 25% - 10:47
4 - 19% - 25% - 6:03
PP Forward
1 - 45% - 60% - 4:24
2 - 55% - 40% - 5:24
PP Defense
1 - 45% - 60% - 4:24
2 - 55% - 40% - 5:24
PK Forward
1 - 70% - 60% - 8:33
2 - 30% - 40% - 3:40
PK Defense
1 - 51% - 60% - 6:13
2 - 49% - 40% - 6:00
PK3 Forward
1 - 100% - 60% - 0:32
2 - 0% - 40% - 0:00
PK3 Defense
1 - 100% - 60% - 0:32
2 - 0% - 40% - 0:00
44 Forward
1 - 65% - 60% - 3:21
2 - 35% - 40% - 1:50
44 Defense
1 - 62% - 60% - 3:13
2 - 38% - 40% - 1:58
Last Minute Offensive - 0:00
Last Minute Defensive - 0:00
Total
Forward - 60:00
Defense - 60:00
|
% Time on Ice - Griffins
Lines # - Real PCT - Wanted PCT - Time Play
Normal Forward
1 - 25% - 25% - 8:10
2 - 19% - 25% - 5:59
3 - 40% - 25% - 12:53
4 - 16% - 25% - 5:14
Normal Defense
1 - 17% - 25% - 5:33
2 - 30% - 25% - 9:37
3 - 34% - 25% - 10:56
4 - 19% - 25% - 6:10
PP Forward
1 - 47% - 60% - 6:02
2 - 53% - 40% - 6:43
PP Defense
1 - 56% - 60% - 7:11
2 - 44% - 40% - 5:34
PK Forward
1 - 70% - 60% - 6:49
2 - 30% - 40% - 2:59
PK Defense
1 - 48% - 60% - 4:43
2 - 52% - 40% - 5:05
PK3 Forward
1 - 0% - 60%
2 - 0% - 40%
PK3 Defense
1 - 0% - 60%
2 - 0% - 40%
44 Forward
1 - 68% - 60% - 3:33
2 - 32% - 40% - 1:38
44 Defense
1 - 54% - 60% - 2:48
2 - 46% - 40% - 2:23
Last Minute Offensive - 0:00
Last Minute Defensive - 0:00
Total
Forward - 60:00
Defense - 60:00
|
Play-by-Play
1st period
0:01 of 1st period - Hendrix Lapierre wins face-off versus Dillon Dube in neutral zone.
0:45 of 1st period - Dillon Dube is hit by Jake Livingstone and loses puck.
0:55 of 1st period - Minor Penalty to Fyodor Svechkov for Holding.
0:56 of 1st period - Sheldon Dries wins face-off versus Hendrix Lapierre in Griffins zone.
1:05 of 1st period - Shot by Ryan Lomberg.
1:05 of 1st period - Stopped by Casey DeSmith without a rebound.
1:06 of 1st period - Oskar Lindblom wins face-off versus Justin Sourdif in Griffins zone.
1:06 of 1st period - Ryan Lomberg is hit by John Ludvig and loses puck.
1:27 of 1st period - Shot by Oskar Lindblom.
1:27 of 1st period - Stopped by Casey DeSmith with a rebound.
1:29 of 1st period - Shot by Marshall Rifai.
1:29 of 1st period - Stopped by Casey DeSmith with a rebound.
1:31 of 1st period - Shot by Ryan Lomberg.
1:31 of 1st period - Shot Misses the Net.
1:33 of 1st period - Shot by Oskar Lindblom.
1:33 of 1st period - Deflect By Sheldon Dries.
1:33 of 1st period - Shot Misses the Net.
1:35 of 1st period - Shot by Topi Niemela.
1:35 of 1st period - Shot Misses the Net.
1:37 of 1st period - Shot by Sheldon Dries.
1:37 of 1st period - Stopped by Casey DeSmith without a rebound.
1:38 of 1st period - Justin Sourdif wins face-off versus Dillon Dube in Griffins zone.
1:38 of 1st period - Justin Sourdif is hit by Samuel Blais.
2:30 of 1st period - Chase Priskie is hit by Sheldon Dries and loses puck.
2:54 of 1st period - Shot by Brandon Tanev.
2:54 of 1st period - Stopped by Parker Gahagen without a rebound.
2:55 of 1st period - Jacob Peterson wins face-off versus Ryder Korczak in Reign zone.
3:04 of 1st period - Shot by Fyodor Svechkov.
3:04 of 1st period - Goal by Fyodor Svechkov - Reign : 0 - Griffins : 1.
3:05 of 1st period - Ryder Korczak wins face-off versus Mikhail Abramov in neutral zone.
3:13 of 1st period - Icing by Brady Lyle.
3:14 of 1st period - Mikhail Abramov wins face-off versus Dillon Dube in Griffins zone.
3:14 of 1st period - Minor Penalty to Daniel Walcott for Tripping.
3:15 of 1st period - Hendrix Lapierre wins face-off versus Dillon Dube in Reign zone.
3:31 of 1st period - Shot by Jake Livingstone.
3:31 of 1st period - Stopped by Parker Gahagen without a rebound.
3:32 of 1st period - Jacob Peterson wins face-off versus Dillon Dube in Reign zone.
4:01 of 1st period - Shot by Nicholas Robertson.
4:01 of 1st period - Shot Misses the Net.
4:55 of 1st period - Shot by Mikhail Abramov.
4:55 of 1st period - Stopped by Parker Gahagen without a rebound.
4:56 of 1st period - Sheldon Dries wins face-off versus Hendrix Lapierre in Reign zone.
5:22 of 1st period - Shot by Walker Duehr.
5:22 of 1st period - Stopped by Casey DeSmith without a rebound.
5:23 of 1st period - Jacob Peterson wins face-off versus Sheldon Dries in Griffins zone.
5:23 of 1st period - Fyodor Svechkov is hit by Ryan Lomberg and loses puck.
5:25 of 1st period - Minor Penalty to Oskar Lindblom for High sticking.
5:26 of 1st period - Sheldon Dries wins face-off versus Jacob Peterson in Reign zone.
5:32 of 1st period - Icing by Fyodor Svechkov.
5:33 of 1st period - Jacob Peterson wins face-off versus Sheldon Dries in Griffins zone.
5:42 of 1st period - Shot by Jacob Peterson.
5:42 of 1st period - Shot Misses the Net.
5:51 of 1st period - Icing by Jake Livingstone.
5:52 of 1st period - Jacob Peterson wins face-off versus Dillon Dube in Griffins zone.
6:27 of 1st period - Shot by Hendrix Lapierre.
6:27 of 1st period - Stopped by Parker Gahagen without a rebound.
6:28 of 1st period - Dillon Dube wins face-off versus Hendrix Lapierre in Reign zone.
6:59 of 1st period - Shot by Mikhail Abramov.
6:59 of 1st period - Stopped by Parker Gahagen without a rebound.
7:00 of 1st period - Jacob Peterson wins face-off versus Sheldon Dries in Reign zone.
7:10 of 1st period - Sheldon Dries is hit by Jake Livingstone and loses puck.
7:31 of 1st period - Shot by Bryce Kindopp.
7:31 of 1st period - Stopped by Parker Gahagen without a rebound.
7:32 of 1st period - Hendrix Lapierre wins face-off versus Turner Elson in Reign zone.
7:45 of 1st period - Shot by Brandon Tanev.
7:45 of 1st period - Stopped by Parker Gahagen without a rebound.
7:46 of 1st period - Mikhail Abramov wins face-off versus Sheldon Dries in Reign zone.
7:47 of 1st period - Shot by John Ludvig.
7:47 of 1st period - Shot Misses the Net.
7:53 of 1st period - Shot by Bryce Kindopp.
7:53 of 1st period - Stopped by Parker Gahagen without a rebound.
7:54 of 1st period - Mikhail Abramov wins face-off versus Dillon Dube in Reign zone.
7:54 of 1st period - Matthew Boucher is hit by Victor Mete and loses puck.
7:58 of 1st period - Mikhail Abramov is hit by Will Riedell and loses puck.
8:02 of 1st period - Mikhail Abramov is hit by Will Riedell.
8:06 of 1st period - Shot by Mikhail Abramov.
8:06 of 1st period - Shot Misses the Net.
8:19 of 1st period - Icing by Matt Donovan.
8:20 of 1st period - Sheldon Dries wins face-off versus Mikhail Abramov in Griffins zone.
8:28 of 1st period - Oskar Lindblom is hit by Matt Donovan and loses puck.
8:33 of 1st period - Shot by Ryan Lomberg.
8:33 of 1st period - Shot Hit the Post.
8:48 of 1st period - Icing by Marshall Rifai.
8:49 of 1st period - Sheldon Dries wins face-off versus Justin Sourdif in Reign zone.
8:59 of 1st period - Off-side.
9:00 of 1st period - Dillon Dube wins face-off versus Jacob Peterson in neutral zone.
9:16 of 1st period - Shot by Dillon Dube.
9:16 of 1st period - Shot Misses the Net.
9:18 of 1st period - Shot by Dillon Dube.
9:18 of 1st period - Shot Misses the Net.
9:39 of 1st period - Minor Penalty to Brandon Tanev for Tripping.
9:40 of 1st period - Fyodor Svechkov wins face-off versus Sheldon Dries in Griffins zone.
10:37 of 1st period - Shot by Samuel Blais.
10:37 of 1st period - Deflect By Steven Lorentz.
10:37 of 1st period - Stopped by Casey DeSmith without a rebound.
10:38 of 1st period - Dillon Dube wins face-off versus Fyodor Svechkov in Griffins zone.
10:49 of 1st period - Shot by Dillon Dube.
10:49 of 1st period - Stopped by Casey DeSmith without a rebound.
10:50 of 1st period - Hendrix Lapierre wins face-off versus Sheldon Dries in Griffins zone.
11:25 of 1st period - Ryan Lomberg is hit by Hendrix Lapierre and loses puck.
11:42 of 1st period - Minor Penalty to Bryce Kindopp for Tripping.
11:42 of 1st period - Minor Penalty to Billy Sweezey for Holding.
11:43 of 1st period - Fyodor Svechkov wins face-off versus Dillon Dube in Reign zone.
11:58 of 1st period - Shot by Chase Priskie.
11:58 of 1st period - Shot Blocked by Josiah Didier.
12:00 of 1st period - Shot by Jacob Peterson.
12:00 of 1st period - Shot Blocked by Victor Mete.
12:04 of 1st period - Shot by Fyodor Svechkov.
12:04 of 1st period - Shot Misses the Net.
12:06 of 1st period - Shot by John Ludvig.
12:06 of 1st period - Stopped by Parker Gahagen without a rebound.
12:07 of 1st period - Dillon Dube wins face-off versus Fyodor Svechkov in Reign zone.
12:55 of 1st period - Shot by Nicholas Robertson.
12:55 of 1st period - Shot Blocked by Josiah Didier.
13:11 of 1st period - Shot by Nicholas Robertson.
13:11 of 1st period - Deflect By Hendrix Lapierre.
13:11 of 1st period - Goal by Hendrix Lapierre - Reign : 0 - Griffins : 2.
13:12 of 1st period - Marc McLaughlin wins face-off versus Sheldon Dries in neutral zone.
13:15 of 1st period - Shot by Jacob Peterson.
13:15 of 1st period - Shot Misses the Net.
13:47 of 1st period - Shot by Turner Elson.
13:47 of 1st period - Stopped by Casey DeSmith with a rebound.
13:57 of 1st period - Shot by Mikhail Abramov.
13:57 of 1st period - Stopped by Parker Gahagen without a rebound.
13:58 of 1st period - Sheldon Dries wins face-off versus Justin Sourdif in Reign zone.
14:34 of 1st period - Minor Penalty to Mason Geertsen for Interference.
14:35 of 1st period - Dillon Dube wins face-off versus Hendrix Lapierre in Reign zone.
14:52 of 1st period - Icing by Justin Sourdif.
14:53 of 1st period - Hendrix Lapierre wins face-off versus Dillon Dube in Griffins zone.
15:00 of 1st period - Shot by Hendrix Lapierre.
15:00 of 1st period - Stopped by Parker Gahagen without a rebound.
15:01 of 1st period - Jacob Peterson wins face-off versus Samuel Blais in Reign zone.
16:29 of 1st period - Shot by Jacob Peterson.
16:29 of 1st period - Stopped by Parker Gahagen without a rebound.
16:30 of 1st period - Sheldon Dries wins face-off versus Jacob Peterson in Reign zone.
16:30 of 1st period - Sheldon Dries is hit by Fyodor Svechkov.
17:21 of 1st period - Matt Donovan is hit by Walker Duehr and loses puck.
17:29 of 1st period - Icing by Matt Donovan.
17:30 of 1st period - Dillon Dube wins face-off versus Hendrix Lapierre in Griffins zone.
17:30 of 1st period - Corey Andonovski is hit by Matt Donovan and loses puck.
17:49 of 1st period - Shot by Daniel Walcott.
17:49 of 1st period - Shot Misses the Net.
18:22 of 1st period - Shot by Ryan Lomberg.
18:22 of 1st period - Stopped by Casey DeSmith without a rebound.
18:23 of 1st period - Sheldon Dries wins face-off versus Jacob Peterson in Griffins zone.
18:46 of 1st period - Icing by Marshall Rifai.
18:47 of 1st period - Mikhail Abramov wins face-off versus Sheldon Dries in Reign zone.
18:50 of 1st period - Shot by Matthew Boucher.
18:50 of 1st period - Stopped by Parker Gahagen without a rebound.
18:50 of 1st period - Minor Penalty to Topi Niemela for Unsportsmanlike conduct.
18:51 of 1st period - Jacob Peterson wins face-off versus Dillon Dube in Reign zone.
18:55 of 1st period - John Ludvig beats up Josiah Didier.
18:55 of 1st period - Penalty to John Ludvig for Fighting.
18:55 of 1st period - Penalty to Josiah Didier for Fighting.
18:56 of 1st period - Jacob Peterson wins face-off versus Dillon Dube in Reign zone.
19:09 of 1st period - Shot by Nicholas Robertson.
19:09 of 1st period - Stopped by Parker Gahagen without a rebound.
19:10 of 1st period - Dillon Dube wins face-off versus Jacob Peterson in Reign zone.
Goals for this period are 0 for Reign vs 2 for Griffins.
Shots for this period are 9 for Reign vs 16 for Griffins.
2nd period
0:01 of 2nd period - Hendrix Lapierre wins face-off versus Dillon Dube in neutral zone.
0:12 of 2nd period - Shot by Mikhail Abramov.
0:12 of 2nd period - Stopped by Parker Gahagen without a rebound.
0:13 of 2nd period - Fyodor Svechkov wins face-off versus Dillon Dube in Reign zone.
0:17 of 2nd period - Minor Penalty to Victor Mete for Slashing.
0:18 of 2nd period - Dillon Dube wins face-off versus Hendrix Lapierre in Reign zone.
1:10 of 2nd period - Shot by Jake Livingstone.
1:10 of 2nd period - Shot Misses the Net.
1:24 of 2nd period - Shot by Jake Livingstone.
1:24 of 2nd period - Shot Misses the Net.
1:44 of 2nd period - Icing by Nicholas Robertson.
1:45 of 2nd period - Dillon Dube wins face-off versus Jacob Peterson in Griffins zone.
2:11 of 2nd period - Shot by Chase Priskie.
2:11 of 2nd period - Shot Misses the Net.
2:15 of 2nd period - Shot by Chase Priskie.
2:15 of 2nd period - Shot Misses the Net.
2:17 of 2nd period - Shot by Mikhail Abramov.
2:17 of 2nd period - Shot Misses the Net.
2:30 of 2nd period - Shot by Walker Duehr.
2:30 of 2nd period - Shot Misses the Net.
2:32 of 2nd period - Shot by Ryder Korczak.
2:32 of 2nd period - Deflect By Turner Elson.
2:32 of 2nd period - Shot Misses the Net.
2:34 of 2nd period - Shot by Mason Geertsen.
2:34 of 2nd period - Stopped by Casey DeSmith with a rebound.
2:36 of 2nd period - Shot by Walker Duehr.
2:36 of 2nd period - Stopped by Casey DeSmith without a rebound.
2:37 of 2nd period - Sheldon Dries wins face-off versus Hendrix Lapierre in Griffins zone.
3:12 of 2nd period - Icing by Victor Mete.
3:13 of 2nd period - Mikhail Abramov wins face-off versus Sheldon Dries in Reign zone.
4:12 of 2nd period - Shot by Nicholas Robertson.
4:12 of 2nd period - Stopped by Parker Gahagen with a rebound.
4:14 of 2nd period - Shot by Fyodor Svechkov.
4:14 of 2nd period - Shot Misses the Net.
4:28 of 2nd period - John Ludvig is hit by Ryan Lomberg and loses puck.
5:16 of 2nd period - Shot by Mikhail Abramov.
5:16 of 2nd period - Shot Misses the Net.
5:18 of 2nd period - Shot by Bryce Kindopp.
5:18 of 2nd period - Shot Misses the Net.
5:20 of 2nd period - Shot by Mikhail Abramov.
5:20 of 2nd period - Shot Misses the Net.
5:22 of 2nd period - Shot by Matthew Boucher.
5:22 of 2nd period - Stopped by Parker Gahagen without a rebound.
5:23 of 2nd period - Jacob Peterson wins face-off versus Dillon Dube in Reign zone.
5:24 of 2nd period - Shot by Nicholas Robertson.
5:24 of 2nd period - Stopped by Parker Gahagen without a rebound.
5:25 of 2nd period - Dillon Dube wins face-off versus Jacob Peterson in Reign zone.
5:39 of 2nd period - Shot by Samuel Blais.
5:39 of 2nd period - Deflect By Dillon Dube.
5:39 of 2nd period - Shot Misses the Net.
5:41 of 2nd period - Shot by Marshall Rifai.
5:41 of 2nd period - Stopped by Casey DeSmith without a rebound.
5:42 of 2nd period - Hendrix Lapierre wins face-off versus Ryder Korczak in Griffins zone.
5:49 of 2nd period - Shot by Brandon Tanev.
5:49 of 2nd period - Stopped by Parker Gahagen without a rebound.
5:50 of 2nd period - Dillon Dube wins face-off versus Justin Sourdif in Reign zone.
5:50 of 2nd period - Dillon Dube is hit by Justin Sourdif.
6:02 of 2nd period - Minor Penalty to Marshall Rifai for Roughing.
6:03 of 2nd period - Dillon Dube wins face-off versus Hendrix Lapierre in Reign zone.
6:03 of 2nd period - Dillon Dube is hit by Hendrix Lapierre.
6:09 of 2nd period - Shot by Justin Sourdif.
6:09 of 2nd period - Shot Misses the Net.
6:11 of 2nd period - Shot by Justin Sourdif.
6:11 of 2nd period - Shot Misses the Net.
6:13 of 2nd period - Shot by Hendrix Lapierre.
6:13 of 2nd period - Goal by Hendrix Lapierre - Reign : 0 - Griffins : 3.
6:14 of 2nd period - Jacob Peterson wins face-off versus Ryder Korczak in neutral zone.
6:31 of 2nd period - Nicholas Robertson is hit by Turner Elson and loses puck.
6:44 of 2nd period - Shot by Fyodor Svechkov.
6:44 of 2nd period - Stopped by Parker Gahagen with a rebound.
7:37 of 2nd period - Brandon Tanev is hit by Billy Sweezey and loses puck.
7:55 of 2nd period - Minor Penalty to Mikhail Abramov for Slashing.
7:55 of 2nd period - Minor Penalty to Billy Sweezey for Interference.
7:56 of 2nd period - Samuel Blais wins face-off versus Fyodor Svechkov in Reign zone.
8:22 of 2nd period - Shot by Fyodor Svechkov.
8:22 of 2nd period - Stopped by Parker Gahagen without a rebound.
8:23 of 2nd period - Sheldon Dries wins face-off versus Fyodor Svechkov in Reign zone.
8:28 of 2nd period - Shot by Steven Lorentz.
8:28 of 2nd period - Deflect By Sheldon Dries.
8:28 of 2nd period - Stopped by Casey DeSmith without a rebound.
8:29 of 2nd period - Sheldon Dries wins face-off versus Fyodor Svechkov in Griffins zone.
8:32 of 2nd period - Shot by Steven Lorentz.
8:32 of 2nd period - Goal by Steven Lorentz - Reign : 1 - Griffins : 3.
8:33 of 2nd period - Jacob Peterson wins face-off versus Dillon Dube in neutral zone.
8:38 of 2nd period - Shot by John Ludvig.
8:38 of 2nd period - Shot Misses the Net.
8:58 of 2nd period - Shot by John Ludvig.
8:58 of 2nd period - Stopped by Parker Gahagen without a rebound.
8:59 of 2nd period - Sheldon Dries wins face-off versus Hendrix Lapierre in Reign zone.
9:12 of 2nd period - Shot by Sheldon Dries.
9:12 of 2nd period - Shot Misses the Net.
9:18 of 2nd period - Shot by Steven Lorentz.
9:18 of 2nd period - Stopped by Casey DeSmith without a rebound.
9:19 of 2nd period - Fyodor Svechkov wins face-off versus Walker Duehr in Griffins zone.
9:36 of 2nd period - Shot by Fyodor Svechkov.
9:36 of 2nd period - Stopped by Parker Gahagen without a rebound.
9:37 of 2nd period - Dillon Dube wins face-off versus Hendrix Lapierre in Reign zone.
9:48 of 2nd period - Shot by Dillon Dube.
9:48 of 2nd period - Shot Blocked by Matt Donovan.
9:51 of 2nd period - Icing by Matt Donovan.
9:52 of 2nd period - Hendrix Lapierre wins face-off versus Sheldon Dries in Griffins zone.
9:54 of 2nd period - Nicholas Robertson is hit by Steven Lorentz and loses puck.
10:05 of 2nd period - Shot by Ryan Lomberg.
10:05 of 2nd period - Shot Misses the Net.
10:07 of 2nd period - Shot by Ryan Lomberg.
10:07 of 2nd period - Stopped by Casey DeSmith without a rebound.
10:08 of 2nd period - Ryder Korczak wins face-off versus Nicholas Robertson in Griffins zone.
10:21 of 2nd period - Billy Sweezey is hit by Bobby Trivigno and loses puck.
10:36 of 2nd period - Shot by Nicholas Robertson.
10:36 of 2nd period - Shot Blocked by Billy Sweezey.
10:38 of 2nd period - Shot by John Ludvig.
10:38 of 2nd period - Shot Misses the Net.
10:40 of 2nd period - Shot by Justin Sourdif.
10:40 of 2nd period - Stopped by Parker Gahagen with a rebound.
10:42 of 2nd period - Shot by John Ludvig.
10:42 of 2nd period - Shot Blocked by Mason Geertsen.
11:29 of 2nd period - Shot by Corey Andonovski.
11:29 of 2nd period - Deflect By Dillon Dube.
11:29 of 2nd period - Shot Misses the Net.
11:44 of 2nd period - Icing by Eemil Viro.
11:45 of 2nd period - Sheldon Dries wins face-off versus Mikhail Abramov in Griffins zone.
11:46 of 2nd period - Shot by Ryan Lomberg.
11:46 of 2nd period - Stopped by Casey DeSmith without a rebound.
11:47 of 2nd period - Hendrix Lapierre wins face-off versus Sheldon Dries in Griffins zone.
11:56 of 2nd period - Shot by Justin Sourdif.
11:56 of 2nd period - Stopped by Parker Gahagen with a rebound.
12:09 of 2nd period - Double Minor Penalty to Matt Donovan for Slashing.
12:10 of 2nd period - Dillon Dube wins face-off versus Fyodor Svechkov in Griffins zone.
12:11 of 2nd period - Shot by Steven Lorentz.
12:11 of 2nd period - Goal by Steven Lorentz - Reign : 2 - Griffins : 3.
12:12 of 2nd period - Fyodor Svechkov wins face-off versus Dillon Dube in neutral zone.
12:26 of 2nd period - Steven Lorentz is hit by John Ludvig and loses puck.
12:35 of 2nd period - Dillon Dube is hit by John Ludvig.
12:43 of 2nd period - Shot by Steven Lorentz.
12:43 of 2nd period - Stopped by Casey DeSmith without a rebound.
12:44 of 2nd period - Sheldon Dries wins face-off versus Hendrix Lapierre in Griffins zone.
12:57 of 2nd period - Shot by Sheldon Dries.
12:57 of 2nd period - Shot Blocked by Nicholas Robertson.
12:59 of 2nd period - Shot by Sheldon Dries.
12:59 of 2nd period - Shot Blocked by Jake Livingstone.
13:01 of 2nd period - Shot by Ryan Lomberg.
13:01 of 2nd period - Deflect By Sheldon Dries.
13:01 of 2nd period - Shot Blocked by Jake Livingstone.
13:03 of 2nd period - Shot by Topi Niemela.
13:03 of 2nd period - Shot Blocked by Jake Livingstone.
13:07 of 2nd period - Shot by Oskar Lindblom.
13:07 of 2nd period - Shot Misses the Net.
13:15 of 2nd period - Shot by Topi Niemela.
13:15 of 2nd period - Goal by Topi Niemela - Reign : 3 - Griffins : 3.
13:16 of 2nd period - Mikhail Abramov wins face-off versus Ryder Korczak in neutral zone.
13:41 of 2nd period - Icing by Walker Duehr.
13:42 of 2nd period - Justin Sourdif wins face-off versus Ryder Korczak in Reign zone.
14:18 of 2nd period - Icing by Samuel Blais.
14:19 of 2nd period - Mikhail Abramov wins face-off versus Dillon Dube in Reign zone.
14:36 of 2nd period - Shot by Matthew Boucher.
14:36 of 2nd period - Shot Misses the Net.
14:38 of 2nd period - Shot by Eemil Viro.
14:38 of 2nd period - Shot Blocked by Victor Mete.
14:54 of 2nd period - Shot by Matthew Boucher.
14:54 of 2nd period - Shot Misses the Net.
15:01 of 2nd period - Icing by Dillon Dube.
15:02 of 2nd period - Hendrix Lapierre wins face-off versus Samuel Blais in Reign zone.
15:17 of 2nd period - Shot by Justin Sourdif.
15:17 of 2nd period - Shot Misses the Net.
15:19 of 2nd period - Shot by John Ludvig.
15:19 of 2nd period - Stopped by Parker Gahagen without a rebound.
15:20 of 2nd period - Jacob Peterson wins face-off versus Ryder Korczak in Reign zone.
15:23 of 2nd period - Shot by Nicholas Robertson.
15:23 of 2nd period - Shot Misses the Net.
15:25 of 2nd period - Shot by Nicholas Robertson.
15:25 of 2nd period - Deflect By Fyodor Svechkov.
15:25 of 2nd period - Shot Misses the Net.
15:27 of 2nd period - Shot by Jacob Peterson.
15:27 of 2nd period - Shot Misses the Net.
15:29 of 2nd period - Shot by Fyodor Svechkov.
15:29 of 2nd period - Shot Misses the Net.
15:35 of 2nd period - Shot by Jacob Peterson.
15:35 of 2nd period - Shot Misses the Net.
15:36 of 2nd period - Minor Penalty to Marshall Rifai for Holding.
15:37 of 2nd period - Daniel Walcott wins face-off versus Hendrix Lapierre in Reign zone.
15:52 of 2nd period - Shot by Hendrix Lapierre.
15:52 of 2nd period - Shot Misses the Net.
16:05 of 2nd period - Mikhail Abramov is hit by Billy Sweezey and loses puck.
16:08 of 2nd period - Shot by John Ludvig.
16:08 of 2nd period - Stopped by Parker Gahagen without a rebound.
16:09 of 2nd period - Dillon Dube wins face-off versus Nicholas Robertson in Reign zone.
18:08 of 2nd period - Shot by Matthew Boucher.
18:08 of 2nd period - Shot Misses the Net.
18:10 of 2nd period - Shot by Bryce Kindopp.
18:10 of 2nd period - Shot Misses the Net.
18:12 of 2nd period - Shot by Bryce Kindopp.
18:12 of 2nd period - Stopped by Parker Gahagen without a rebound.
18:13 of 2nd period - Sheldon Dries wins face-off versus Justin Sourdif in Reign zone.
18:17 of 2nd period - Minor Penalty to Ryan Lomberg for Hooking.
18:18 of 2nd period - Dillon Dube wins face-off versus Jacob Peterson in Reign zone.
18:18 of 2nd period - Dillon Dube is hit by Jacob Peterson.
18:37 of 2nd period - Shot by John Ludvig.
18:37 of 2nd period - Stopped by Parker Gahagen with a rebound.
18:39 of 2nd period - Shot by Fyodor Svechkov.
18:39 of 2nd period - Shot Misses the Net.
18:41 of 2nd period - Shot by John Ludvig.
18:41 of 2nd period - Stopped by Parker Gahagen with a rebound.
18:43 of 2nd period - Shot by Chase Priskie.
18:43 of 2nd period - Goal by Chase Priskie - Reign : 3 - Griffins : 4.
18:44 of 2nd period - Hendrix Lapierre wins face-off versus Sheldon Dries in neutral zone.
18:44 of 2nd period - Hendrix Lapierre is hit by Sheldon Dries.
19:02 of 2nd period - Off-side.
19:03 of 2nd period - Mikhail Abramov wins face-off versus Ryder Korczak in neutral zone.
19:28 of 2nd period - Ryder Korczak is hit by Bryce Kindopp and loses puck.
19:53 of 2nd period - Shot by Corey Andonovski.
19:53 of 2nd period - Stopped by Casey DeSmith with a rebound.
Goals for this period are 3 for Reign vs 2 for Griffins.
Shots for this period are 12 for Reign vs 18 for Griffins.
3rd period
0:01 of 3rd period - Justin Sourdif wins face-off versus Dillon Dube in neutral zone.
0:06 of 3rd period - Shot by Nicholas Robertson.
0:06 of 3rd period - Shot Misses the Net.
0:20 of 3rd period - Shot by Dillon Dube.
0:20 of 3rd period - Shot Blocked by Chase Priskie.
0:22 of 3rd period - Shot by Will Riedell.
0:22 of 3rd period - Shot Blocked by Nicholas Robertson.
0:46 of 3rd period - Icing by Ryan Lomberg.
0:47 of 3rd period - Sheldon Dries wins face-off versus Mikhail Abramov in Reign zone.
0:54 of 3rd period - Shot by Oskar Lindblom.
0:54 of 3rd period - Stopped by Casey DeSmith without a rebound.
0:55 of 3rd period - Mikhail Abramov wins face-off versus Turner Elson in Griffins zone.
1:18 of 3rd period - Shot by Matthew Boucher.
1:18 of 3rd period - Stopped by Parker Gahagen without a rebound.
1:19 of 3rd period - Hendrix Lapierre wins face-off versus Sheldon Dries in Reign zone.
1:24 of 3rd period - Shot by Brandon Tanev.
1:24 of 3rd period - Stopped by Parker Gahagen without a rebound.
1:25 of 3rd period - Jacob Peterson wins face-off versus Dillon Dube in Reign zone.
1:25 of 3rd period - John Ludvig is hit by Will Riedell and loses puck.
2:15 of 3rd period - Off-side.
2:16 of 3rd period - Hendrix Lapierre wins face-off versus Ryder Korczak in neutral zone.
2:25 of 3rd period - Minor Penalty to Matt Donovan for Interference.
2:26 of 3rd period - Fyodor Svechkov wins face-off versus Sheldon Dries in Griffins zone.
2:37 of 3rd period - Shot by Topi Niemela.
2:37 of 3rd period - Shot Misses the Net.
2:39 of 3rd period - Shot by Ryan Lomberg.
2:39 of 3rd period - Stopped by Casey DeSmith without a rebound.
2:40 of 3rd period - Fyodor Svechkov wins face-off versus Dillon Dube in Griffins zone.
3:49 of 3rd period - Shot by Ryan Lomberg.
3:49 of 3rd period - Stopped by Casey DeSmith without a rebound.
3:50 of 3rd period - Dillon Dube wins face-off versus Justin Sourdif in Griffins zone.
4:37 of 3rd period - Shot by Matthew Boucher.
4:37 of 3rd period - Stopped by Parker Gahagen with a rebound.
5:00 of 3rd period - Shot by Walker Duehr.
5:00 of 3rd period - Shot Misses the Net.
5:02 of 3rd period - Shot by Ryder Korczak.
5:02 of 3rd period - Shot Blocked by Eemil Viro.
5:38 of 3rd period - Shot by Ryan Lomberg.
5:38 of 3rd period - Deflect By Sheldon Dries.
5:38 of 3rd period - Stopped by Casey DeSmith with a rebound.
5:40 of 3rd period - Shot by Topi Niemela.
5:40 of 3rd period - Stopped by Casey DeSmith with a rebound.
5:44 of 3rd period - Shot by Sheldon Dries.
5:44 of 3rd period - Shot Misses the Net.
6:14 of 3rd period - Shot by Will Riedell.
6:14 of 3rd period - Stopped by Casey DeSmith without a rebound.
6:15 of 3rd period - Hendrix Lapierre wins face-off versus Ryder Korczak in Griffins zone.
6:40 of 3rd period - Icing by Matt Donovan.
6:41 of 3rd period - Sheldon Dries wins face-off versus Hendrix Lapierre in Griffins zone.
7:12 of 3rd period - Minor Penalty to John Ludvig for Tripping.
7:13 of 3rd period - Dillon Dube wins face-off versus Fyodor Svechkov in Griffins zone.
7:13 of 3rd period - Steven Lorentz is hit by Matt Donovan and loses puck.
7:21 of 3rd period - Samuel Blais is hit by Jake Livingstone.
7:32 of 3rd period - Dillon Dube is hit by Jake Livingstone and loses puck.
7:35 of 3rd period - Shot by Victor Mete.
7:35 of 3rd period - Stopped by Casey DeSmith with a rebound.
7:37 of 3rd period - Shot by Samuel Blais.
7:37 of 3rd period - Shot Misses the Net.
7:41 of 3rd period - Shot by Dillon Dube.
7:41 of 3rd period - Shot Misses the Net.
9:16 of 3rd period - Shot by Turner Elson.
9:16 of 3rd period - Stopped by Casey DeSmith with a rebound.
9:36 of 3rd period - Shot by Turner Elson.
9:36 of 3rd period - Shot Misses the Net.
10:04 of 3rd period - Justin Sourdif is hit by Sheldon Dries.
10:28 of 3rd period - Topi Niemela is hit by Justin Sourdif and loses puck.
10:54 of 3rd period - Icing by Topi Niemela.
10:55 of 3rd period - Ryder Korczak wins face-off versus Jacob Peterson in Reign zone.
11:29 of 3rd period - Shot by Samuel Blais.
11:29 of 3rd period - Shot Misses the Net.
11:31 of 3rd period - Shot by Mason Geertsen.
11:31 of 3rd period - Shot Blocked by Hendrix Lapierre.
11:33 of 3rd period - Shot by Billy Sweezey.
11:33 of 3rd period - Shot Misses the Net.
11:35 of 3rd period - Shot by Samuel Blais.
11:35 of 3rd period - Goal by Samuel Blais - Reign : 4 - Griffins : 4.
11:36 of 3rd period - Mikhail Abramov wins face-off versus Sheldon Dries in neutral zone.
11:36 of 3rd period - Mikhail Abramov is hit by Oskar Lindblom.
11:39 of 3rd period - Chase Priskie is hit by Will Riedell and loses puck.
11:59 of 3rd period - Minor Penalty to John Ludvig for Holding.
12:00 of 3rd period - Dillon Dube wins face-off versus Fyodor Svechkov in Griffins zone.
12:00 of 3rd period - Dillon Dube is hit by Jake Livingstone.
12:16 of 3rd period - Shot by Steven Lorentz.
12:16 of 3rd period - Shot Misses the Net.
12:22 of 3rd period - Shot by Steven Lorentz.
12:22 of 3rd period - Stopped by Casey DeSmith without a rebound.
12:23 of 3rd period - Fyodor Svechkov wins face-off versus Oskar Lindblom in Griffins zone.
12:45 of 3rd period - Minor Penalty to Marshall Rifai for Slashing.
12:46 of 3rd period - Dillon Dube wins face-off versus Marc McLaughlin in Reign zone.
13:03 of 3rd period - Shot by Samuel Blais.
13:03 of 3rd period - Shot Misses the Net.
13:05 of 3rd period - Shot by Josiah Didier.
13:05 of 3rd period - Shot Misses the Net.
13:07 of 3rd period - Shot by Samuel Blais.
13:07 of 3rd period - Shot Misses the Net.
13:37 of 3rd period - Shot by Nicholas Robertson.
13:37 of 3rd period - Stopped by Parker Gahagen with a rebound.
13:39 of 3rd period - Shot by Nicholas Robertson.
13:39 of 3rd period - Shot Misses the Net.
14:04 of 3rd period - Shot by John Ludvig.
14:04 of 3rd period - Stopped by Parker Gahagen with a rebound.
14:06 of 3rd period - Shot by John Ludvig.
14:06 of 3rd period - Stopped by Parker Gahagen without a rebound.
14:07 of 3rd period - Hendrix Lapierre wins face-off versus Dillon Dube in Reign zone.
14:08 of 3rd period - Shot by John Ludvig.
14:08 of 3rd period - Shot Misses the Net.
14:10 of 3rd period - Shot by John Ludvig.
14:10 of 3rd period - Shot Blocked by Samuel Blais.
14:12 of 3rd period - Shot by Mikhail Abramov.
14:12 of 3rd period - Shot Misses the Net.
14:14 of 3rd period - Shot by Justin Sourdif.
14:14 of 3rd period - Shot Misses the Net.
14:16 of 3rd period - Shot by John Ludvig.
14:16 of 3rd period - Stopped by Parker Gahagen without a rebound.
14:17 of 3rd period - Jacob Peterson wins face-off versus Daniel Walcott in Reign zone.
14:18 of 3rd period - Shot by John Ludvig.
14:18 of 3rd period - Shot Blocked by Josiah Didier.
14:20 of 3rd period - Shot by Jacob Peterson.
14:20 of 3rd period - Shot Misses the Net.
14:22 of 3rd period - Shot by Nicholas Robertson.
14:22 of 3rd period - Stopped by Parker Gahagen without a rebound.
14:23 of 3rd period - Dillon Dube wins face-off versus Jacob Peterson in Reign zone.
14:46 of 3rd period - Shot by Mikhail Abramov.
14:46 of 3rd period - Shot Misses the Net.
15:16 of 3rd period - Shot by Eemil Viro.
15:16 of 3rd period - Shot Misses the Net.
15:18 of 3rd period - Shot by Mikhail Abramov.
15:18 of 3rd period - Shot Misses the Net.
16:35 of 3rd period - Shot by Dillon Dube.
16:35 of 3rd period - Stopped by Casey DeSmith with a rebound.
16:37 of 3rd period - Shot by Dillon Dube.
16:37 of 3rd period - Stopped by Casey DeSmith without a rebound.
16:38 of 3rd period - Mikhail Abramov wins face-off versus Dillon Dube in Griffins zone.
16:56 of 3rd period - Shot by Samuel Blais.
16:56 of 3rd period - Shot Blocked by Brady Lyle.
16:58 of 3rd period - Shot by Steven Lorentz.
16:58 of 3rd period - Stopped by Casey DeSmith with a rebound.
17:00 of 3rd period - Shot by Dillon Dube.
17:00 of 3rd period - Deflect By Steven Lorentz.
17:00 of 3rd period - Stopped by Casey DeSmith with a rebound.
17:02 of 3rd period - Shot by Steven Lorentz.
17:02 of 3rd period - Shot Misses the Net.
17:41 of 3rd period - Shot by Walker Duehr.
17:41 of 3rd period - Shot Misses the Net.
17:58 of 3rd period - Off-side.
17:59 of 3rd period - Justin Sourdif wins face-off versus Sheldon Dries in neutral zone.
18:01 of 3rd period - Nicholas Robertson is hit by Topi Niemela and loses puck.
18:36 of 3rd period - Shot by Justin Sourdif.
18:36 of 3rd period - Shot Misses the Net.
19:00 of 3rd period - Shot by Dillon Dube.
19:00 of 3rd period - Shot Hit the Post.
19:16 of 3rd period - Shot by Steven Lorentz.
19:16 of 3rd period - Shot Misses the Net.
19:53 of 3rd period - Shot by Jacob Peterson.
19:53 of 3rd period - Stopped by Parker Gahagen without a rebound.
19:54 of 3rd period - Jacob Peterson wins face-off versus Dillon Dube in Reign zone.
19:57 of 3rd period - Shot by Jacob Peterson.
19:57 of 3rd period - Stopped by Parker Gahagen without a rebound.
19:58 of 3rd period - Justin Sourdif wins face-off versus Dillon Dube in Reign zone.
Goals for this period are 1 for Reign vs 0 for Griffins.
Shots for this period are 14 for Reign vs 10 for Griffins.
Overtime #1
0:01 of 1st overtime period - Dillon Dube wins face-off versus Matthew Boucher in neutral zone.
1:06 of 1st overtime period - Shot by Chase Priskie.
1:06 of 1st overtime period - Deflect By Hendrix Lapierre.
1:06 of 1st overtime period - Shot Misses the Net.
1:12 of 1st overtime period - Shot by Hendrix Lapierre.
1:12 of 1st overtime period - Shot Misses the Net.
1:14 of 1st overtime period - Shot by Chase Priskie.
1:14 of 1st overtime period - Shot Misses the Net.
1:16 of 1st overtime period - Shot by Nicholas Robertson.
1:16 of 1st overtime period - Stopped by Parker Gahagen without a rebound.
1:17 of 1st overtime period - Sheldon Dries wins face-off versus Fyodor Svechkov in Reign zone.
2:22 of 1st overtime period - Shot by Topi Niemela.
2:22 of 1st overtime period - Shot Misses the Net.
2:24 of 1st overtime period - Shot by Topi Niemela.
2:24 of 1st overtime period - Shot Blocked by John Ludvig.
2:26 of 1st overtime period - Shot by Ryan Lomberg.
2:26 of 1st overtime period - Stopped by Casey DeSmith with a rebound.
2:28 of 1st overtime period - Shot by Oskar Lindblom.
2:28 of 1st overtime period - Shot Misses the Net.
2:30 of 1st overtime period - Shot by Oskar Lindblom.
2:30 of 1st overtime period - Stopped by Casey DeSmith with a rebound.
2:32 of 1st overtime period - Shot by Oskar Lindblom.
2:32 of 1st overtime period - Shot Blocked by John Ludvig.
2:34 of 1st overtime period - Shot by Oskar Lindblom.
2:34 of 1st overtime period - Goal by Oskar Lindblom - Reign : 5 - Griffins : 4.
Goals for this period are 1 for Reign vs 0 for Griffins.
Shots for this period are 3 for Reign vs 1 for Griffins.
Back to the Top